 Dungeon Crawl Stone Soup version 0.21-a0-414-gba8bdf1 (webtiles) character file.

30 sagitran the Chucker (level 3, 0/36 HPs)
             Began as an Ogre Hunter on Nov 2, 2017.
             Slain by an adder (4 damage)
             ... on level 2 of the Dungeon.
             The game lasted 00:04:39 (1522 turns).

sagitran the Chucker (Ogre Hunter)                  Turns: 1522, Time: 00:04:40

Health: 0/36       AC:  3    Str: 16    XL:     3   Next: 18%
Magic:  3/3        EV: 10    Int: 12    God:
Gold:   25         SH:  0    Dex: 10    Spells: 2/2 levels left

rFire    . . .     SeeInvis .     - Unarmed
rCold    . . .     Gourm    .   (no shield)
rNeg     . . .     Faith    .   b - +0 robe
rPois    .         Spirit   .   (helmet restricted)
rElec    .         Reflect  .   (no cloak)
rCorr    .         Harm     .   (gloves unavailable)
MR       .....                  (boots unavailable)
Stlth    +.........             (no amulet)
HPRegen  0.12/turn              (no ring)
MPRegen  0.08/turn              (no ring)

@: lethally poisoned (0 -> -9)
A: unfitting armour, tough skin 1
a: no special abilities


You were on level 2 of the Dungeon.
You were not hungry.

You visited 1 branch of the dungeon, and saw 2 of its levels.

You collected 25 gold pieces.

Inventory:

Hand Weapons
 a - a +0 short sword
Armour
 b - a +0 robe (worn)
Scrolls
 e - 5 scrolls of identify {unknown}
Potions
 h - a potion of heal wounds {unknown}
 i - a potion of flight {unknown}
Comestibles
 g - a meat ration


   Skills:
 + Level 2.7 Fighting
 + Level 4.4 Throwing
 + Level 2.1 Dodging
 + Level 0.8 Stealth
 + Level 1.0 Unarmed Combat


You had 2 spell levels left.
You didn't know any spells.

Dungeon Overview and Level Annotations

Branches:
Dungeon (2/15)

Altars:


Innate Abilities, Weirdness & Mutations

You are too large for most types of armour.
You have tough skin. (AC +1)


Message History

* * * LOW HITPOINT WARNING * * *
You now have 25 gold pieces (gained 8).
* * * LOW HITPOINT WARNING * * *
You feel sick. The adder barely misses you.
Firing (i - inventory): No suitable missiles.
Press: ? - help, Shift-Dir - straight line, f/p - adder
Aim: an adder (severely wounded)
Okay, then.
You aren't carrying any items that you can evoke.
Wield which item (- for none, * to show all)? (? for menu, Esc to quit)
Okay, then.
You closely miss the adder.
The adder is severely wounded.
* * * LOW HITPOINT WARNING * * *
You feel sick. The adder closely misses you.
You closely miss the adder.
The adder is severely wounded.
* * * LOW HITPOINT WARNING * * *
You feel sick. The adder bites you.
You die...

... #######........#
'... '..............#
#... ######.###....#
#.... #........###
#....#######...........
..................†....
#####.......###.......
#.#.###...........
#@#...#.####<)....
#S#.#.#.# #.)..##
#.#+#.#.# #...... ...
..# #...... ... .#
#...... ..... .#
#...... ..... ..#....
#..(?.. ..#.### ...#.#


You could see an adder.

Vanquished Creatures
  An adder (D:2)
  2 dart slugs (D:1)
  A giant cockroach (D:1)
  3 goblins
  A hobgoblin (D:1)
  A bat (D:1)
  2 frilled lizards (D:1)
  5 kobolds
  2 rats
18 creatures vanquished.

Notes
Turn   | Place    | Note
-------+----------+-------------------------------------------
     0 | D:1      | sagitran the Ogre Hunter began the quest for the Orb.
     0 | D:1      | Reached XP level 1. HP: 22/22 MP: 1/1
   472 | D:1      | Reached XP level 2. HP: 11/29 MP: 2/2
  1378 | D:2      | Reached skill level 1 in Unarmed Combat
  1378 | D:2      | Reached XP level 3. HP: 27/36 MP: 3/3
  1522 | D:2      | Slain by an adder

Vault maps used:
D:1:      eino_arrival_cavern_a, minmay_liquid_box, dk_noncrumbling_3
D:2:      st_stairs_1

Skill      XL: |  1  2 |
---------------+-------+-----
Dodging        | 2 |  2.1
Unarmed Combat | 1 |  1.0
Fighting       | |  2.7
Throwing       | |  4.4
Stealth        | |  0.8

Action                   || total
-------------------------++-------
Melee: Unarmed           ||   109
Throw: Large rock        ||     8
       Throwing net      ||     2
 Stab: Held in net/web   ||     1
  Eat: Bread ration      ||     1
       Chunk             ||     1
Armor: Robe              ||    26
Dodge: Dodged            ||    59

Table legend:
 A = Spawn XP
 B = Non-spawn XP
 C = Spawn XP percentage of total XP
 D = Spawn monster count
 E = Non-spawn monster count
 F = Spawn count percentage of total count
 G = Total turns spent on level
                    A         B        C        D         E        F      G
               +---------+---------+-------+---------+---------+-------+---------
         Total |       0 |      43 |   0.0 |       0 |      18 |   0.0 |  1522
               +---------+---------+-------+---------+---------+-------+---------
           D:1 |       0 |      22 |   0.0 |       0 |      12 |   0.0 |  1325
           D:2 |       0 |      21 |   0.0 |       0 |       6 |   0.0 |   197
               +---------+---------+-------+---------+---------+-------+---------
